 Dungeon Crawl Stone Soup version 0.26.0-57-g60708a5e39 (webtiles) character file.

Game seed: 14355184111128686059

2270 casanoah the Zephyrmancer (level 9, -1/51 HPs)
             Began as a Tengu Air Elementalist on Feb 1, 2021.
             Was an Initiate of Gozag.
             Slain by Duvessa
             ... wielding a +0 short sword
              (5 damage)
             ... on level 7 of the Dungeon.
             The game lasted 00:11:12 (10985 turns).

casanoah the Zephyrmancer (Tengu Air Elementalist) Turns: 10985, Time: 00:11:13

Health: -1/51      AC:  4    Str:  9    XL:     9   Next: 38%
Magic:  0/29       EV: 16    Int: 19    God:    Gozag
Gold:   461        SH:  0    Dex: 14    Spells: 7/22 levels left

rFire    + . .     SeeInvis .   q - staff of earth
rCold    + . .     Faith    .   (no shield)
rNeg     . . .     Spirit   .   e - +0 robe {rF+}
rPois    .         Reflect  .   (helmet restricted)
rElec    .         Harm     .   (no cloak)
rCorr    .         Rampage  .   (no gloves)
Will     .....                  (boots unavailable)
Stlth    ++........             (no amulet)
HPRegen  0.17/turn              i - ring of protection from cold (curse)
MPRegen  0.21/turn              o - ring of magical power

@: flying quickly and evasively, quick
A: beak, talons 3, slimy green scales 1, robust 1, able to fly
a: Stop Flying, Renounce Religion, Potion Petition, Call Merchant, Bribe Branch


You were on level 7 of the Dungeon.
You worshipped Gozag.
Gozag was aware of your devotion.
You visited 2 branches of the dungeon, and saw 10 of its levels.

You collected 574 gold pieces.
You paid 113 gold pieces to Gozag.

Inventory:

Hand Weapons
 c - a +5 vampiric battleaxe
Armour
 e - a +0 robe of fire resistance (worn)
 w - the +1 leather armour of the Hairy Jabberwock {rN+}
   (You found it on level 5 of the Dungeon)

   It protects you from negative energy.
Magical Staves
 q - an uncursed staff of earth (weapon)
Jewellery
 i - a cursed ring of protection from cold (left hand)
 o - a ring of magical power (right hand)
Wands
 B - a wand of digging (2)
Scrolls
 a - 2 scrolls of random uselessness {unknown}
 b - 2 scrolls of fear
 f - 2 scrolls of immolation {unknown}
 g - 3 scrolls of fog {unknown}
 h - 2 scrolls of amnesia {unknown}
 j - 2 scrolls of enchant weapon {unknown}
 k - 4 scrolls of magic mapping {unknown}
 p - 2 scrolls of teleportation {unknown}
 t - 3 scrolls of remove curse {unknown}
 v - 2 scrolls of enchant armour {unknown}
 x - 3 scrolls of silence {unknown}
 y - 4 scrolls of identify
 C - a scroll of blinking {unknown}
 D - a scroll of noise {unknown}
Potions
 d - a potion of haste
 l - a potion of degeneration {unknown}
 m - a potion of attraction {unknown}
 n - 2 potions of heal wounds
 u - a potion of might {unknown}
 z - 2 potions of brilliance {unknown}
 A - a potion of invisibility {unknown}


   Skills:
 + Level 1.2 Fighting
 + Level 0.2 Staves
 + Level 3.4 Dodging
 + Level 2.8 Stealth
 + Level 7.1 Spellcasting
 + Level 4.9 Conjurations
 + Level 11.2 Air Magic


You had 7 spell levels left.
You knew the following spells:

 Your Spells              Type           Power        Failure   Level
a - Shock                 Conj/Air       100%         1%          1
b - Swiftness             Air            49%          1%          2
c - Static Discharge      Conj/Air       37%          1%          3
d - Airstrike             Air            24%          1%          4
e - Mephitic Cloud        Conj/Pois/Air  27%          3%          3
f - Blink                 Tloc           N/A          16%         2

Your spell library contained the following spells:

 Spells                   Type           Power        Failure   Level
 Magic Dart               Conj           100%         1%          1
 Searing Ray              Conj           50%          1%          2
 Freeze                   Ice            24%          10%         1
 Lightning Bolt           Conj/Air       18%          10%         5
 Conjure Flame            Conj/Fire      16%          11%         3
 Dazzling Flash           Conj/Hex       32%          11%         3
 Call Imp                 Summ           6%           16%         2
 Slow                     Hex            6%           16%         2
 Frozen Ramparts          Ice            12%          30%         3
 Ozocubu's Armour         Ice            6%           30%         3
 Fulminant Prism          Conj/Hex       8%           36%         4
 Hailstorm                Conj/Ice       16%          36%         4
 Iskenderun's Mystic Bla  Conj/Tloc      16%          36%         4
 Summon Ice Beast         Ice/Summ       6%           69%         4


Dungeon Overview and Level Annotations

Branches:
Dungeon (9/15)             Temple (1/1) D:6
   Lair: D:8-11         Orc: D:9-12

Altars:
Ashenzari
Cheibriados
Gozag
Hepliaklqana
Kikubaaqudgha
Makhleb
Nemelex Xobeh
Okawaru
Qazlal
Ru
Sif Muna
Uskayaw
Vehumet
Wu Jian
Xom
Zin
The Shining One

Annotations:
D:6 1 runed translucent door
D:7 Duvessa


Innate Abilities, Weirdness & Mutations

You have a beak for a mouth.
You have claws for feet.
You can fly continuously.
You are partially covered in slimy green scales. (AC +2)
You are robust. (+10% HP)


Message History

Duvessa rages.
Duvessa barely misses you.
Casting: Airstrike (dangerous; 1% risk of failure)
Confirm with . or Enter, or press ? or * to list all spells.
Aiming: Shock (safe; 1% risk of failure)
Press: ? - help, Shift-Dir - straight line, p - Duvessa
Okay, then.
Casting: Shock (safe; 1% risk of failure)
Confirm with . or Enter, or press ? or * to list all spells.
Aiming: Shock (safe; 1% risk of failure)
Press: ? - help, Shift-Dir - straight line, p - Duvessa The zap hits Duvessa but does no damage.
Duvessa is almost dead.
The zap hits Duvessa.
Duvessa is almost dead.
Duvessa hits you with a +0 short sword!
* * * LOW HITPOINT WARNING * * *
Duvessa hits you with a +0 short sword.
You die...
Your body crumbles into a pile of gold.

#.# #.# .# #.####.#
.# #.##...####.#
#.##.#(...#
##.##...##.#.###
##.............>#
#..........B#.#...#
####..####.e#.#...###
#..# #.@#.......
#..####..# #...#
.........###...#
....####...)....#
###.# #...)>[..#
#.#####.## #.. #.#
#.# #.# .## ..#


You could see Duvessa (berserk) and a worker ant.

Vanquished Creatures
  Sigmund (D:5)
  A phantom (D:7)
  4 ogres (D:6)
  Blork the orc (D:5)
  2 wyvern skeletons
  A scorpion (D:6)
  A water moccasin skeleton (D:7)
  Dowan (D:7)
  3 jellies (D:6)
  6 killer bees (D:9)
  A centaur zombie (D:4)
  3 bullfrog zombies (D:4)
  2 bullfrog skeletons (D:5)
  2 orc priests (D:6)
  4 hounds
  10 orc wizards
  2 iguanas
  3 worker ants
  6 adders
  A howler monkey skeleton (D:4)
  A shadow imp (D:9)
  A white imp (D:6)
  An ooze (D:3)
  4 worms
  4 adder skeletons
  3 dart slugs
  5 leopard geckos
  29 orcs
  4 ball pythons
  6 bats
  4 giant cockroaches
  5 goblins
  5 hobgoblins
  3 jackals (D:1)
  8 kobolds
  A quokka (D:2)
  3 frilled lizards
  A jackal zombie (D:4)
  A quokka skeleton (D:4)
  11 rats
155 creatures vanquished.

Vanquished Creatures (others)
  9 withered plants (D:4)
9 creatures vanquished.

Grand Total: 164 creatures vanquished

Notes
Turn   | Place    | Note
-------+----------+-------------------------------------------
     0 | D:1      | casanoah the Tengu Air Elementalist began the quest for the
                  | Orb.
     0 | D:1      | Reached XP level 1. HP: 10/10 MP: 4/4
   113 | D:1      | Reached XP level 2. HP: 15/15 MP: 0/6
   474 | D:1      | Reached skill level 5 in Air Magic
   641 | D:1      | Reached XP level 3. HP: 12/19 MP: 3/7
  1537 | D:2      | Found a stormy altar of Qazlal.
  1538 | D:2      | Noticed a water elemental
  1541 | D:2      | Noticed a fire elemental
  1541 | D:2      | Noticed an earth elemental
  1541 | D:2      | Noticed an air elemental
  1704 | D:2      | Reached XP level 4. HP: 17/24 MP: 3/8
  1934 | D:2      | Found a sacrificial altar of Ru.
  2457 | D:2      | Learned a level 2 spell: Swiftness
  2461 | D:2      | Learned a level 3 spell: Static Discharge
  2873 | D:3      | Gained mutation: You can fly continuously. [Tengu growth]
  2873 | D:3      | Reached XP level 5. HP: 28/28 MP: 1/9
  3611 | D:3      | Reached XP level 6. HP: 33/33 MP: 1/12
  4360 | D:3      | Learned a level 4 spell: Airstrike
  4935 | D:4      | Found an ancient bone altar of Kikubaaqudgha.
  4972 | D:4      | HP: 1/33 [bullfrog zombie (1)]
  4974 | D:4      | Reached skill level 6 in Air Magic
  5347 | D:4      | Reached skill level 1 in Fighting
  5356 | D:4      | Reached XP level 7. HP: 9/38 MP: 2/14
  5840 | D:4      | Learned a level 3 spell: Mephitic Cloud
  6410 | D:4      | Found a shimmering blue altar of Sif Muna.
  7162 | D:4      | Gained mutation: You are partially covered in slimy green
                  | scales. (AC +2) [potion of mutation]
  7162 | D:4      | Gained mutation: You are robust. (+10% HP) [potion of
                  | mutation]
  7164 | D:5      | Entered Level 5 of the Dungeon
  7238 | D:5      | Noticed Blork the orc
  7243 | D:5      | Killed Blork the orc
  7244 | D:5      | Reached skill level 7 in Air Magic
  7360 | D:5      | Noticed Sigmund
  7366 | D:5      | Killed Sigmund
  7367 | D:5      | Reached skill level 5 in Spellcasting
  7769 | D:5      | Got a translucent leather armour
  7780 | D:5      | Identified the +1 leather armour of the Hairy Jabberwock
                  | {rN+} (You found it on level 5 of the Dungeon)
  7849 | D:5      | Found an iron altar of Okawaru.
  7980 | D:5      | Reached XP level 8. HP: 47/47 MP: 12/16
  8171 | D:6      | Reached skill level 8 in Air Magic
  8334 | D:6      | Found a glowing golden altar of the Shining One.
  8336 | D:6      | Found a runed translucent door.
  8336 | D:6      | Noticed an angel
  8644 | D:6      | Reached skill level 9 in Air Magic
  9058 | D:6      | Found a staircase to the Ecumenical Temple.
  9070 | Temple   | Entered the Ecumenical Temple
  9123 | Temple   | Became a worshipper of Gozag Ym Sagoz the Greedy
  9854 | D:6      | Learned a level 2 spell: Blink
  9872 | D:6      | Reached skill level 10 in Air Magic
  9958 | D:6      | You are sucked into a shaft and drop 3 floors!
  9966 | D:9      | Reached XP level 9. HP: 51/51 MP: 16/19
 10552 | D:7      | Reached skill level 11 in Air Magic
 10960 | D:7      | Noticed Duvessa
 10960 | D:7      | Noticed Dowan
 10962 | D:7      | Killed Dowan
 10985 | D:7      | Slain by Duvessa

Illustrated notes

Levels and vault maps discovered:
D:1:      psy_arrival_basics, layout_rooms, minmay_misc_feat_rugged
D:2:      layout_loops_corners, lemuel_round_altar,
          nicolae_qazlal_style_of_elements, minmay_misc_feat_enclosed
D:3:      layout_loops_ring, minmay_misc_feat_alley
D:4:      layout_basic, nicolae_overflow_crystal_walls, serial_undead,
          serial_undead_e, serial_undead_e, serial_undead_e, serial_undead_b,
          nrook_campfire, lemuel_blue_sif_altar
D:5:      layout_gridville, okawaru_ov_weapons_minmay, uniq_blork_the_orc,
          uniq_sigmund
D:6:      layout_loops_corners, minmay_temple_entry_statues_pillars,
          lemuel_angel_altar
D:7:      layout_loops_ring, uniq_duvessa
D:8:      layout_loops_cross, fedhas_altar_decomposition,
          overflow_temple_1_default, tso_oasis_becter,
          cheibrodos_ashenzari_chains
D:9:      layout_basic, kennysheep_ying_yang, lemuel_coloured_pillars_altar,
          guppyfry_shop_venom
Temple:   nicolae_temple_x_marks_the_god

Skill      XL: |  1  2  3  4  5  6  7  8  9 |
---------------+----------------------------+-----
Air Magic      | 5 6 7 10 11 | 11.2
Conjurations   | 2 3 4 |  4.9
Spellcasting   | 3 4 5 6 7 |  7.1
Fighting       | 1 |  1.2
Dodging        | 3 |  3.4
Staves         | |  0.2
Stealth        | |  2.8

Action                   |  1- 3 |  4- 6 |  7- 9 || total
-------------------------+-------+-------+-------++-------
Melee: Unarmed           |    25 |     2 |       ||    27
       Kick              |     7 |     2 |     1 ||    10
       Peck              |     4 |     2 |     1 ||     7
       Staff             |       |    13 |    14 ||    27
 Cast: Shock             |    70 |   161 |    11 ||   242
       Airstrike         |       |       |   117 ||   117
       Mephitic Cloud    |       |       |     1 ||     1
 Abil: Fly               |       |       |     1 ||     1
  Use: Potion            |       |     1 |     4 ||     5
       Scroll            |       |       |     5 ||     5
Armor: Robe              |     7 |     3 |     9 ||    19
       Skin              |       |     2 |    13 ||    15
Dodge: Dodged            |    21 |    30 |    36 ||    87
